 Dungeon Crawl Stone Soup version 0.28-a0-556-gab23d0e057 (webtiles) character file.

Game seed: 7526695817176706753

106 jasper the Stinger (level 4, -1/28 (30) HPs)
             Began as a Demonspawn Venom Mage on Sept 28, 2021.
             Slain by a gnoll sergeant (7 damage)
             ... created by the fury of Okawaru
             ... on level 3 of the Dungeon.
             The game lasted 00:03:50 (2876 turns).

jasper the Stinger (Demonspawn Venom Mage)          Turns: 2876, Time: 00:03:50

HP:   -1/28 (30)    AC:  2    Str:  8    XL:     4   Next: 55%
MP:   7/7           EV: 12    Int: 17    God:
Gold: 57            SH:  0    Dex: 14    Spells: 3/7 levels left

rFire   . . .      SeeInvis .   c - +0 whip
rCold   . . .      Faith    .   (no shield)
rNeg    . . .      Spirit   .   a - +0 robe
rPois   .          Reflect  .   (no helmet)
rElec   .          Harm     .   (no cloak)
rCorr   .          Rampage  .   (no gloves)
Will    .....                   (no boots)
Stlth   ++........              (no amulet)
HPRegen 0.09/turn               (no ring)
MPRegen 0.10/turn               (no ring)

@: drained
A: hooves 2
a: no special abilities


You were on level 3 of the Dungeon.
You visited 1 branch of the dungeon, and saw 3 of its levels.

You collected 57 gold pieces.

Inventory:

Hand Weapons
 c - a +0 whip (weapon)
Missiles
 b - 7 stones
Armour
 a - a +0 robe (worn)
Wands
 h - a wand of polymorph (10)
Scrolls
 d - 2 scrolls of enchant weapon {unknown}
 g - a scroll of teleportation {unknown}
Potions
 f - 2 potions of attraction {unknown}


   Skills:
 - Level 1.7 Dodging
 - Level 1.7 Stealth
 - Level 2.0 Spellcasting
 - Level 0.8 Transmutations
 + Level 5.4 Poison Magic


You had 3 spell levels left.
You knew the following spells:

 Your Spells              Type           Power      Damage    Failure   Level
a - Sting                 Tmut/Pois      48%        1d5       5%          1
b - Mephitic Cloud        Conj/Pois/Air  7%         N/A       28%         3

Your spell library contained the following spells:

 Spells                   Type           Power      Damage    Failure   Level
 Poisonous Vapours        Pois/Air       20%        N/A       10%         2
 Olgreb's Toxic Radiance  Pois           20%        N/A       21%         4


Dungeon Overview and Level Annotations

Branches:
Dungeon (3/15)

Altars:
Nemelex Xobeh

Annotations:
D:2 Sigmund


Innate Abilities, Weirdness & Mutations

You have hoof-like feet.


Message History

The sting hits the endoplasm.
The endoplasm partially resists.
You kill the endoplasm!
You now have 3/7 mp.
A hobgoblin comes into view.
MP restored: 7 A hobgoblin is nearby!
A hobgoblin is nearby!
Found a curved brass wand.
The hobgoblin shouts!
Aiming: Sting (safe; 5% risk of failure)
Press: ? - help, Q - select action, (/) - cycle Shift-Dir - straight line, f - hobgoblin
Aim: a hobgoblin (71% to hit)
The sting hits the hobgoblin.
The hobgoblin is poisoned.
The hobgoblin is heavily wounded.
You now have 6/7 mp.
Aiming: Sting (safe; 5% risk of failure)
Press: ? - help, Q - select action, (/) - cycle Shift-Dir - straight line, f/p - hobgoblin
Aim: a hobgoblin (heavily wounded, poisoned, 71% to hit)
The sting hits the hobgoblin.
The hobgoblin looks even sicker.
You kill the hobgoblin!
You now have 5/7 mp.
h - a wand of polymorph (10) MP restored: 7 Nemelex Xobeh makes you draw from the deck of Punishment.
You draw a card...
You have drawn Wrath.
Okawaru sends forces against you! The divine experience confuses you!
You are confused. 5 gnolls and a gnoll sergeant come into view.
You are too confused!
Unknown command.
You feel better.
The gnoll shouts! x2
The gnoll sergeant hits you from afar with a +0 spear!
Ouch! That really hurt!
You take 14 damage, and have 14/28 hp.
MASSIVE DAMAGE!!
The gnoll sergeant hits you from afar with a +0 spear!
* * * LOW HITPOINT WARNING * * *
You take 8 damage, and have 6/28 hp.
MASSIVE DAMAGE!!
The gnoll sergeant hits you from afar with a +0 spear!
You die...

.....#...........#
.....####........# ...
.....##..........####...
#######.#.).............
.........................
..#####.#+#.#.##..........#
..# #......#.##..........#
..# #......#.##..........#
..# #(....<#.##@.........#
..####......#.##...g......#
##............##gggg......#
#....#.########..........#
##....#.# +..g.......#
##.(..#.# #..........#
##....#+#+### ########.###
............# #......#.#
.†..........# #......#.#


You could see a gnoll sergeant and 5 gnolls.

Vanquished Creatures
  4 gnolls (D:3)
  2 adders (D:2)
  A worm (D:3)
  3 dart slugs (D:3)
  2 orcs (D:3)
  4 bats
  3 endoplasms
  2 goblins
  8 hobgoblins
  A kobold (D:3)
  2 quokkas (D:1)
  A ball python (D:3)
  2 frilled lizards
  5 rats
40 creatures vanquished.

Notes
Turn   | Place    | Note
-------+----------+-------------------------------------------
     0 | D:1      | jasper the Demonspawn Venom Mage began the quest for the
                  | Orb.
     0 | D:1      | Reached XP level 1. HP: 13/13 MP: 3/3
   370 | D:1      | Gained mutation: You have large cloven feet. [demonic
                  | ancestry]
   370 | D:1      | Reached XP level 2. HP: 17/19 MP: 0/5
   863 | D:1      | Found a faded altar of an unknown god.
   871 | D:1      | Became a worshipper of Nemelex Xobeh the Trickster
   871 | D:1      | Reached * piety under Nemelex Xobeh
  1154 | D:2      | Received a gift from Nemelex Xobeh
  1160 | D:2      | Reached skill level 4 in Poison Magic
  1160 | D:2      | Reached XP level 3. HP: 22/24 MP: 0/6
  1219 | D:2      | Noticed Sigmund
  1407 | D:2      | Fell from the grace of Nemelex Xobeh
  1660 | D:3      | Learned a level 3 spell: Mephitic Cloud
  2048 | D:3      | Gained mutation: You have hoof-like feet. [demonic
                  | ancestry]
  2048 | D:3      | Reached XP level 4. HP: 30/30 MP: 4/7
  2066 | D:3      | Reached skill level 5 in Poison Magic
  2872 | D:3      | Noticed a gnoll sergeant
  2876 | D:3      | Slain by a gnoll sergeant

Illustrated notes

Levels and vault maps discovered:
D:1:      lightli_arrival_flooded_house, layout_loops_cross,
          dreamdust_ecumenical_altar_grove
D:2:      minmay_evil_eye, layout_basic, st_stairs_5, uniq_sigmund
D:3:      layout_basic, minmay_misc_feat_encased, minmay_cupped

Skill      XL: |  1  2  3  4 |
---------------+-------------+-----
Poison Magic   | 4 5 |  5.4
Dodging        | |  1.7
Stealth        | |  1.7
Spellcasting   | |  2.0
Transmutations | |  0.8

Action                   |  1- 3 |  4- 6 || total
-------------------------+-------+-------++-------
Melee: Whip              |     5 |     8 ||    13
       Unarmed           |     2 |       ||     2
       Kick              |       |     3 ||     3
Throw: Stone             |     7 |       ||     7
 Cast: Sting             |    80 |    20 ||   100
Invok: Renounce Religion |     1 |       ||     1
  Use: Potion            |     3 |     1 ||     4
Armor: Robe              |     6 |       ||     6
Dodge: Dodged            |    22 |     6 ||    28

Table legend: (Time is in decaauts)
 A = Elapsed time spent in this place.
 B = Non-inter-level travel time spent in this place.
 C = Inter-level travel time spent in this place.
 D = Time resting spent in this place.
 E = Time spent auto-exploring this place.
 F = Levels seen in this place.
 G = Mean time per level.
                   A        B        C        D        E       F      G
               +--------+--------+--------+--------+--------+-----+--------+
         Total |   2876 |   2799 |     77 |    516 |   1915 |   3 |  958.7 |
       Dungeon |   2876 |   2799 |     77 |    516 |   1915 |   3 |  958.7 |
               +--------+--------+--------+--------+--------+-----+--------+

Top non-repeatable levels by time:
     D:3: 1410 daAuts
     D:1: 1289 daAuts
     D:2: 176 daAuts
